 Dungeon Crawl Stone Soup version 0.29-a0-294-g83ea962da3 (webtiles) character file.

Game seed: 1913736085300832640

113 Essalna the Firebug (level 4, 0/30 HPs)
             Began as a Demonspawn Fire Elementalist on Mar 18, 2022.
             Slain by Terence
             ... wielding a +0 flail
              (5 damage)
             ... on level 3 of the Dungeon.
             The game lasted 00:04:55 (2987 turns).

Essalna the Firebug (Demonspawn Fire Elementalist)  Turns: 2987, Time: 00:04:56

Health: 0/30       AC:  7    Str:  9    XL:     4   Next: 65%
Magic:  3/8        EV: 12    Int: 18    God:
Gold:   131        SH:  0    Dex: 13    Spells: 6/9 levels left

rFire   . . .      SeeInvis .   m - +2 whip (vamp)
rCold   . . .      Faith    .   (no shield)
rNeg    . . .      Spirit   .   a - +0 robe
rPois   .          Reflect  .   (no helmet)
rElec   .          Harm     .   (no cloak)
rCorr   .          Rampage  .   n - +2 pair of gloves
Will    .....                   (no boots)
Stlth   ++........              (no amulet)
HPRegen 0.10/turn               (no ring)
MPRegen 0.11/turn               (no ring)

@: no status effects
A: claws 1, molten scales 1
a: no special abilities


You were on level 3 of the Dungeon.
You visited 1 branch of the dungeon, and saw 3 of its levels.

You collected 131 gold pieces.

Inventory:

Hand Weapons
 e - a +0 dagger
 m - a +2 vampiric whip (weapon)
Missiles
 i - 6 silver javelins
Armour
 a - a +0 robe (worn)
 n - a +2 pair of gloves (worn)
Scrolls
 f - 3 scrolls of identify {unknown}
 g - a scroll of summoning {unknown}
 h - a scroll of immolation {unknown}
 j - a scroll of magic mapping {unknown}
 k - 2 scrolls of holy word {unknown}
Potions
 b - a potion of magic
 c - a potion of degeneration {unknown}
 d - a potion of might {unknown}
 l - a potion of flight {unknown}


   Skills:
 - Level 1.7 Dodging
 - Level 1.7 Stealth
 + Level 3.1 Spellcasting
 + Level 2.6 Conjurations
 + Level 3.6 Fire Magic


You had 6 spell levels left.
You knew the following spells:

 Your Spells              Type           Power      Damage    Failure   Level
a - Foxfire               Conj/Fire      56%        2x1d6     4%          1
b - Scorch                Fire           30%        2d7       5%          2

Your spell library contained the following spells:

 Spells                   Type           Power      Damage    Failure   Level
 Conjure Flame            Conj/Fire      14%        6-21      14%         3
 Freeze                   Ice            8%         1d3       16%         1
 Summon Small Mammal      Summ           8%         N/A       16%         1
 Inner Flame              Hex/Fire       9%         N/A       24%         3
 Flame Wave               Conj/Fire      14%        2d6       41%         4
 Call Canine Familiar     Summ           2%         N/A       43%         3
 Frozen Ramparts          Ice            4%         1d2       43%         3
 Summon Guardian Golem    Hex/Summ       2%         N/A       43%         3
 Tukima's Dance           Hex            2%         N/A       43%         3
 Hailstorm                Conj/Ice       7%         3d4       67%         4
 Anguish                  Hex/Necr       1%         N/A       85%         4
 Enfeeble                 Hex            1%         N/A       100%        7


Dungeon Overview and Level Annotations

Branches:
Dungeon (3/15)

Altars:
Fedhas
Uskayaw

Shops:
D:3 (

Annotations:
D:3 Terence


Innate Abilities, Weirdness & Mutations

You have sharp fingernails.
You are partially covered in molten scales. (AC +2)


Message History

Terence hits you with a +0 flail!
You are too injured to fight recklessly!
You are too injured to fight recklessly!
You are too injured to fight recklessly!
You are too injured to fight recklessly!
You are too injured to fight recklessly!
You are too injured to fight recklessly!
You are too injured to fight recklessly!
You are too injured to fight recklessly!
You are too injured to fight recklessly!
You are too injured to fight recklessly!
You are too injured to fight recklessly!
You are too injured to fight recklessly!
You are too injured to fight recklessly!
You are too injured to fight recklessly!
You are too injured to fight recklessly!
You hit Terence but do no damage.
Terence is moderately wounded.
Terence hits you with a +0 flail.
You hit Terence but do no damage.
Terence is moderately wounded.
Terence hits you with a +0 flail. Terence misses you.
You barely miss Terence.
Terence is moderately wounded.
Terence misses you.
You barely miss Terence.
Terence is moderately wounded.
Terence closely misses you. Terence closely misses you.
Terence attacks as you move away! Terence hits you with a +0 flail!
* * * LOW HITPOINT WARNING * * *
There is a stone staircase leading up, spattered with blood here.
Terence hits you with a +0 flail.
* * * LOW HITPOINT WARNING * * *
Items here: )) [ †.
Terence attacks as you move away! Terence misses you.
Terence attacks as you move away! Terence hits you with a +0 flail.
* * * LOW HITPOINT WARNING * * *
Terence attacks as you move away! Terence hits you with a +0 flail.
You die...

##.............>......#@#.#
#.....................#o#..
#......................o...
##..............)...........
##................#.#§......#
....###.##........_.........
.#.# #.##....[..#.#.?......
#...##<##.#........#.......
#....).@@.#.............#
####.##.........###......
#....#...#.#.# ###..###.....#
#..# #...... #..# #.....♣.
#..# .... #..# ...


You could see Terence.

Vanquished Creatures
  An orc wizard (D:3)
  3 adders
  A worm (D:3)
  2 dart slugs
  4 orcs
  2 endoplasms
  A giant cockroach (D:1)
  4 goblins
  3 hobgoblins (D:1)
  7 jackals
  8 kobolds
  2 quokkas
  2 bats
  3 frilled lizards
  6 rats
49 creatures vanquished.

Vanquished Creatures (others)
  220 foxfires
220 creatures vanquished.

Grand Total: 269 creatures vanquished

Notes
Turn   | Place    | Note
-------+----------+-------------------------------------------
     0 | D:1      | Essalna the Demonspawn Fire Elementalist began the quest
                  | for the Orb.
     0 | D:1      | Reached XP level 1. HP: 13/13 MP: 3/3
   234 | D:1      | Gained mutation: You are partially covered in molten
                  | scales. (AC +2) [demonic ancestry]
   234 | D:1      | Reached XP level 2. HP: 19/19 MP: 0/5
  1419 | D:2      | Reached XP level 3. HP: 24/24 MP: 3/6
  2107 | D:2      | Found a faded altar of an unknown god.
  2350 | D:3      | Found Buschih's Weapon Boutique.
  2357 | D:3      | Found a blossoming altar of Fedhas.
  2435 | D:3      | Gained mutation: You have sharp fingernails. [demonic
                  | ancestry]
  2435 | D:3      | Reached XP level 4. HP: 30/30 MP: 2/8
  2438 | D:3      | Learned a level 2 spell: Scorch
  2497 | D:3      | Found a hide-covered altar of Uskayaw.
  2528 | D:3      | Noticed Terence
  2987 | D:3      | Slain by Terence

Illustrated notes

Levels and vault maps discovered:
D:1:      giann_bridges, layout_rooms, minmay_misc_feat_alley
D:2:      minmay_kobold_bridge, layout_rooms,
          hellmonk_ecumenical_altar_inner_sanctum
D:3:      layout_rooms, lemuel_crystal_altar, gammafunk_temple_overflow_wave,
          fedhas_altar_2, serial_shops, nicolae_shop_hallway_stairs,
          chequers_mini_garden, patterned_corridor, uniq_terence

Skill      XL: |  1  2  3  4 |
---------------+-------------+-----
Fire Magic     | 3 |  3.6
Conjurations   | 2 |  2.6
Spellcasting   | 3 |  3.1
Dodging        | |  1.7
Stealth        | |  1.7

Action                   |  1- 3 |  4- 6 || total
-------------------------+-------+-------++-------
Melee: Unarmed           |     1 |       ||     1
       Dagger            |    25 |       ||    25
       Whip              |       |    18 ||    18
 Cast: Foxfire           |   109 |    24 ||   133
       Scorch            |       |     7 ||     7
Armor: Robe              |    10 |    13 ||    23
Dodge: Dodged            |    11 |    33 ||    44

Table legend: (Time is in decaauts)
 A = Elapsed time spent in this place.
 B = Non-inter-level travel time spent in this place.
 C = Inter-level travel time spent in this place.
 D = Time resting spent in this place.
 E = Time spent auto-exploring this place.
 F = Levels seen in this place.
 G = Mean time per level.
                   A        B        C        D        E       F      G
               +--------+--------+--------+--------+--------+-----+--------+
         Total |   2990 |   2876 |    114 |     54 |   2410 |   3 |  996.7 |
       Dungeon |   2990 |   2876 |    114 |     54 |   2410 |   3 |  996.7 |
               +--------+--------+--------+--------+--------+-----+--------+

Top non-repeatable levels by time:
     D:2: 1489 daAuts
     D:1: 1147 daAuts
     D:3: 353 daAuts
